 Dungeon Crawl Stone Soup version 0.29-a0-819-g94b489e0ae (webtiles) character file.

Game seed: 15798976295480081598

99 buhh the Insei (level 4, -1/43 HPs)
             Began as an Octopode Transmuter on July 7, 2022.
             Slain by an orc priest
             ... wielding a +0 short sword
              (4 damage)
             ... on level 3 of the Dungeon.
             The game lasted 00:07:11 (2944 turns).

buhh the Insei (Octopode Transmuter)                Turns: 2944, Time: 00:07:11

Health: -1/43      AC:  1    Str:  9    XL:     4   Next: 72%
Magic:  4/7        EV: 13    Int: 17    God:
Gold:   122        SH:  0    Dex: 12    Spells: 1/7 levels left

rFire   + . .      SeeInvis .     - Unarmed
rCold   . . .      Faith    .   (no shield)
rNeg    . . .      Spirit   .   (helmet restricted)
rPois   .          Reflect  .   (no amulet)
rElec   .          Harm     .   c - ring of protection from fire
rCorr   .          Rampage  .   (no ring)
Will    .....                   (no ring)
Stlth   ..........              (no ring)
HPRegen 0.14/turn               (no ring)
MPRegen 0.10/turn               (no ring)
                                (no ring)
                                (no ring)

@: berserking, lethally poisoned (-1 -> -1), very quick
A: almost no armour, amphibious, 8 rings, camouflage 1, gelatinous body 1,
(nimble swimmer 1), tentacles
a: no special abilities


You were on level 3 of the Dungeon.
You visited 1 branch of the dungeon, and saw 3 of its levels.
You also visited: Sewer.

You collected 122 gold pieces.

Inventory:

Jewellery
 c - a ring of protection from fire (left tentacle)
Scrolls
 a - a scroll of noise
 h - a scroll of teleportation {!d}
 j - a scroll of vulnerability
 k - a scroll of amnesia
 l - 2 scrolls of blinking {!d}
 m - 3 scrolls of enchant weapon {unknown}
 o - a scroll of brand weapon {unknown}
 q - a scroll of fear {unknown}
Potions
 b - a potion of resistance {!q!d}
 d - a potion of attraction
 f - 2 potions of invisibility {!q!d}
 i - a potion of brilliance {unknown}
 p - a potion of mutation {unknown}
 r - a potion of might {unknown}


   Skills:
 + Level 1.6 Fighting
 * Level 2.8 Dodging
 * Level 2.6 Stealth
 * Level 3.8 Unarmed Combat
 - Level 2.0 Spellcasting
 - Level 2.0 Transmutations
 + Level 1.3 Poison Magic


You had one spell level left.
You knew the following spells:

 Your Spells              Type           Power      Damage    Failure   Level
a - Beastly Appendage     Tmut           16%        N/A       9%          1
b - Wereblood             Tmut           8%         N/A       13%         2
c - Spider Form           Tmut/Pois      7%         N/A       28%         3

Your spell library contained the following spells:

 Spells                   Type           Power      Damage    Failure   Level
 Sublimation of Blood     Necr           1%         N/A       28%         2
 Ice Form                 Ice/Tmut       5%         N/A       77%         4
 Summon Hydra             Summ           0%         N/A       100%        7


Dungeon Overview and Level Annotations

Branches:
Dungeon (3/15) Zot: 15493   Sewer (visited)

Altars:
Xom

Annotations:
D:2 1 runed translucent door, Crazy Yiuf, Jessica, Natasha, Robin


Innate Abilities, Weirdness & Mutations

You cannot wear most types of armour.
You are amphibious.
You can wear up to eight rings at the same time.
Your skin changes colour to match your surroundings (Stealth+).
Your rubbery body absorbs attacks. (AC +1, EV +1)
((You are camouflaged when in or above water. (Stealth+)))
You have tentacles for arms and can constrict up to eight enemies at once.


Message History

You howl as the wereblood boils in your veins!
Your primal bloodlust has ended.
You start resting.
Magic restored.
You start waiting.
Done waiting.
As you read the scroll of identify {!d}, it crumbles to dust.
b - a potion of resistance An orc priest is nearby!
The orc priest shouts!
The orc priest calls down the wrath of Beogh upon you.
Beogh smites you!
You hear a shout! x2
You miscast Spider Form.
You are very lightly contaminated with residual magic.
You feel rather nauseous for a moment!
You are poisoned.
* * * LOW HITPOINT WARNING * * *
x2 You feel sick.
It was a potion of invisibility.
You fade into invisibility!
* * * LOW HITPOINT WARNING * * *
You feel sick.
It was a potion of attraction.
You feel attractive to monsters.
* * * LOW HITPOINT WARNING * * *
You feel sick. The orc priest is attracted toward you.
It was a potion of cancellation.
Your magical effects are unravelling.
You feel magically purged.
Your magical contamination has completely faded away.
You flicker back into view.
* * * LOW HITPOINT WARNING * * *
You feel sick. The orc priest barely misses you.
You feel less attractive to monsters.
It was a potion of berserk rage.
A red film seems to cover your vision as you go berserk!
You feel yourself moving faster!
You feel mighty!
You feel sick.
The orc priest hits you with a +0 short sword.
You die...

####...........####
###.................#
#_####.############.#
#^# #.# # #.# #.# #.#
#.# #.# #.# #.# #.#
#### #.# #@# ... #.#
#o####.#
####.####.ยง....#
#.......######o#
#.##.##.##### .#
###.##.##.#>..# .#
#..........# .o
#.#.##.#..## .#
#.#.##.#..# .#


You could see an orc priest.

Vanquished Creatures
  2 adders
  A worm (D:2)
  A dart slug (D:1)
  A bat (D:3)
  2 endoplasms (D:1)
  9 giant cockroaches
  11 goblins
  3 hobgoblins
  6 jackals (D:3)
  7 quokkas
  10 ball pythons
  9 frilled lizards
  3 kobolds
  6 rats
71 creatures vanquished.

Notes
Turn   | Place    | Note
-------+----------+-------------------------------------------
     0 | D:1      | buhh the Octopode Transmuter began the quest for the Orb.
     0 | D:1      | Reached XP level 1. HP: 13/13 MP: 3/3
   208 | D:1      | Reached XP level 2. HP: 18/18 MP: 3/5
   827 | D:1      | Reached XP level 3. HP: 23/23 MP: 4/6
   935 | D:2      | Noticed Jessica
   935 | D:2      | Identified the +3 helmet of Limitation {rElec rN+ Slay+2
                  | Stlth+}
   935 | D:2      | Noticed Robin
  1275 | D:2      | Found a shimmering altar of Xom.
  1469 | D:2      | Found a runed translucent door.
  1470 | D:2      | Noticed Crazy Yiuf
  1519 | D:2      | Noticed Natasha
  1794 | D:3      | Reached XP level 4. HP: 26/28 MP: 7/7
  1812 | D:3      | Found a faded altar of an unknown god.
  1958 | D:3      | Learned a level 2 spell: Wereblood
  1962 | D:3      | Learned a level 3 spell: Spider Form
  1963 | D:3      | Found a glowing drain.
  2016 | Sewer    | Entered a sewer
  2071 | Sewer    | Noticed Pargi
  2944 | D:3      | Slain by an orc priest

Illustrated notes

Levels and vault maps discovered:
D:1:      mrwooster_arrival_statue_2, layout_loops_ring
D:2:      layout_basic, basic_altar, kennysheep_generic_room_8, uniq_natasha,
          uniq_crazy_yiuf_cottage, uniq_jessica, uniq_robin
D:3:      cheibrodos_pilgrimage, layout_loops_ring,
          hellmonk_ecumenical_altar_leap_of_faith, gup_sewer_entry_pipe

Skill      XL: |  1  2  3 |
---------------+----------+-----
Stealth        | 1 2 |  2.6
Poison Magic   | 1 |  1.3
Fighting       | |  1.6
Dodging        | |  2.8
Unarmed Combat | |  3.8
Spellcasting   | |  2.0
Transmutations | |  2.0

Action                   |  1- 3 |  4- 6 || total
-------------------------+-------+-------++-------
Melee: Unarmed           |    70 |    63 ||   133
       Constrict         |    22 |    12 ||    34
       Tentacles         |    16 |    12 ||    28
       Kick              |    19 |     8 ||    27
       Punch             |     1 |     2 ||     3
 Cast: Beastly Appendage |    26 |     8 ||    34
       Spider Form       |       |     2 ||     2
       Wereblood         |       |     1 ||     1
Evoke: Wand              |       |     2 ||     2
  Use: Scroll            |     4 |     2 ||     6
       Potion            |     1 |     4 ||     5
 Stab: Sleeping          |    12 |     2 ||    14
Armor: Skin              |     7 |     3 ||    10
Dodge: Dodged            |    42 |    49 ||    91

Table legend: (Time is in decaauts)
 A = Elapsed time spent in this place.
 B = Non-inter-level travel time spent in this place.
 C = Inter-level travel time spent in this place.
 D = Time resting spent in this place.
 E = Time spent auto-exploring this place.
 F = Levels seen in this place.
 G = Mean time per level.
                   A        B        C        D        E       F      G
               +--------+--------+--------+--------+--------+-----+--------+
         Total |   2936 |   2836 |    100 |    824 |    904 |   4 |  734.0 |
       Dungeon |   2505 |   2405 |    100 |    597 |    904 |   3 |  835.0 |
         Sewer |    431 |    431 |      0 |    227 |      0 |   1 |  431.0 |
               +--------+--------+--------+--------+--------+-----+--------+

Top non-repeatable levels by time:
     D:1: 1209 daAuts
     D:3: 851 daAuts
     D:2: 444 daAuts
   Sewer: 431 daAuts
